 Dungeon Crawl Stone Soup version 0.31.0-10-gcf4a605ca0 (webtiles) character file.

Game seed: 13202568087356544779

8108 SnakkuSnakku7 the Brawler (level 11, -5/86 HPs)
             Began as a Ghoul Summoner on Jan 26, 2024.
             Was a Follower of Uskayaw.
             Slain by a two-headed ogre
             ... wielding a +0 giant club
              (12 damage)
             ... on level 9 of the Dungeon.
             The game lasted 00:11:07 (7972 turns).

SnakkuSnakku7 the Brawler (Ghoul Summoner)          Turns: 7972, Time: 00:11:08

Health: -5/86      AC: 17    Str: 21    XL:     11   Next: 25%
Magic:  13/13      EV:  9    Int: 14    God:    Uskayaw [*.....]
Gold:   964        SH:  9    Dex:  9    Spells: 12/13 levels left

rFire   + .          .
                       - Unarmed
rCold   + . .        p - +0 kite shield
rNeg    + + +        F - +3 scale mail {rF+}
rPois   ∞            t - +0 helmet of Uskayaw's Inspiration {rElec}
rElec   +            c - scarf of Tender Moments {repulsion, rN+ Will+++ Str+4}
rCorr   .            (no gloves)
SInv    .            G - +2 pair of boots
Will    +++++        (no amulet) Stlth
                     g - ring of willpower
HPRegen 0.00/turn    l - +4 ring of protection
MPRegen 0.13/turn

%: repel missiles
@: enlightened, flying, inhibited regen, studying 2 skills
A: claws 1, cold resistance 1, negative energy resistance 3, inhibited
regeneration, torment resistance 2, devour on kill
a: Renounce Religion, Stomp


You were on level 9 of the Dungeon.
You worshipped Uskayaw.
Uskayaw was noncommittal.
You visited 2 branches of the dungeon, and saw 10 of its levels.
You also visited: Bailey.

You collected 964 gold pieces.

Inventory:

Armour
 c - the scarf of Tender Moments (worn) {repulsion, rN+ Will+++ Str+4}
   (You acquired it on level 8 of the Dungeon)

   Str+4:     It affects your strength (+4).
   rN+:       It protects you from negative energy.
   Will+++:   It greatly increases your willpower.
 p - a +0 kite shield (worn)
 t - the +0 helmet of Uskayaw's Inspiration (worn) {rElec}
   (You took it off Robin on level 3 of the Dungeon)

   rElec:     It insulates you from electricity.
 F - a +3 scale mail of fire resistance (worn)
 G - a +2 pair of boots (worn)
 H - a +0 cloak
Jewellery
 g - a ring of willpower (left claw)
 l - a +4 ring of protection (right claw)
 u - a +6 ring of intelligence
 I - a ring of protection from fire
Wands
 s - a wand of flame (32)
 w - a wand of digging (10)
 E - a wand of quicksilver (26)
Scrolls
 a - a scroll of revelation {unknown}
 e - a scroll of poison {unknown}
 f - 4 scrolls of vulnerability
 i - a scroll of fog
 k - a scroll of fear {unknown}
 m - a scroll of enchant weapon {unknown}
 n - a scroll of amnesia {unknown}
 o - 10 scrolls of teleportation {unknown}
 C - a scroll of enchant armour {unknown}
Potions
 b - a potion of magic
 d - a potion of brilliance {unknown}
 h - 3 potions of attraction {unknown}
 q - 3 potions of enlightenment
 r - 2 potions of invisibility {unknown}
 v - a potion of cancellation
 z - a potion of lignification {unknown}
 A - 3 potions of heal wounds {unknown}
 B - a potion of curing
 D - a potion of ambrosia


   Skills:
 - Level 5.0 Fighting
 - Level 1.7 Dodging
 - Level 2.1 Stealth
 - Level 8.0 Shields
 + Level 17.2 Unarmed Combat
 - Level 1.7 Spellcasting
 - Level 3.6 Summonings


You had 12 spell levels left.
You knew the following spells:

 Your Spells              Type           Power      Damage    Failure   Level
a - Summon Small Mammal   Summ           44%        N/A       32%         1

Your spell library contained the following spells:

 Spells                   Type           Power      Damage    Failure   Level
 Call Imp                 Summ           22%        N/A       45%         2
 Call Canine Familiar     Summ           11%        N/A       69%         3
 Fugue of the Fallen      Necr           1%         N/A       99%         3
 Ozocubu's Armour         Ice            1%         N/A       99%         3
 Anguish                  Hex/Necr       0%         N/A       100%        4
 Manifold Assault         Tloc           1%         N/A       100%        4
 Summon Blazeheart Golem  Fire/Summ      6%         N/A       100%        4
 Summon Lightning Spire   Summ/Air       6%         N/A       100%        4
 Metabolic Englaciation   Hex/Ice        0%         N/A       100%        5
 Sculpt Simulacrum        Ice/Alch       0%         N/A       100%        6


Dungeon Overview and Level Annotations

Branches:
Dungeon (9/15)             Temple (1/1) D:4          Bailey (visited)
   Lair: D:8-11         Orc: D:9-12

Altars:
Ashenzari
Cheibriados
Dithmenos
Fedhas
Gozag
Hepliaklqana
Kikubaaqudgha
Nemelex Xobeh
Okawaru
Qazlal
Ru
Sif Muna
Trog
Uskayaw
Vehumet
Wu Jian
Xom
Yredelemnul


Innate Abilities, Weirdness & Mutations

You are immune to poison.
You have sharp fingernails.
Your flesh is cold resistant. (rC+)
You are immune to negative energy. (rN+++)
You do not regenerate when monsters are visible.
You are immune to unholy pain and torment.
You thrive by killing the living.


Message History

The killer bee attacks as it pursues you!
The killer bee barely misses you. The killer bee completely misses you.
You block the killer bee's attack.
The killer bee attacks as it pursues you!
The killer bee completely misses you. The killer bee barely misses you.
The killer bee stings you but does no damage.
The two-headed ogre attacks as it pursues you!
You block the two-headed ogre's attack. The two-headed ogre barely misses you.
There is a stone staircase leading up here.
The killer bee stings you but does no damage.
You block the killer bee's attack. The killer bee barely misses you.
The killer bee stings you but does no damage.
You block the killer bee's attack. You block the killer bee's attack.
As you read the scroll labelled RIMORR DASTROPPIL, it dissolves into smoke.
It was a scroll of fog.
You block the killer bee's attack.
Unknown command.
It was a potion of enlightenment.
You feel very buoyant.
You fly up into the air.
Aiming: Quicksilver Bolt
Press: ? - help, Shift-Dir - straight line, f - two-headed ogre
Aim: a two-headed ogre, wielding two +0 giant clubs (black smoke, 86% to hit)
The bolt of dispelling energy hits the two-headed ogre!
The two-headed ogre is moderately wounded.
The bolt of dispelling energy misses the killer bee.
The two-headed ogre closely misses you.
The two-headed ogre hits you with a +0 giant club.
* * * LOW HITPOINT WARNING * * *
Unknown command.
Aiming: Quicksilver Bolt
Press: ? - help, Shift-Dir - straight line, f/p - two-headed ogre
Aim: a two-headed ogre, wielding two +0 giant clubs (black smoke, moderately wounded, 86% to hit)
The bolt of dispelling energy hits the two-headed ogre!
The two-headed ogre is heavily wounded.
The bolt of dispelling energy hits the killer bee!
You kill the killer bee!
The two-headed ogre hits you with a +0 giant club!
You die...

##################
..............§§§#
..............§§§#
################@#
# #O# # #§# # #.#
################.#
.................#
...............><#
###############..#
#..#


You could see a two-headed ogre.

Vanquished Creatures
  2 vault guards (Bailey)
  Joseph (D:7)
  The ghost of Curundu the Chopper, a novice MiBe of Trog (D:5)
  Jeremiah (D:6)
  Grinder (D:3)
  Prince Ribbit (Bailey)
  Sigmund (D:5)
  Menkaure (D:5)
  3 steam dragons
  A human (Bailey)
  Edmund (D:6)
  4 water moccasins
  Duvessa (D:5)
  4 black bears
  2 orc warriors
  2 sky beasts
  2 ogres
  A centaur (D:8)
  2 kobold brigands (D:8)
  13 bullfrogs
  6 scorpions
  9 wights
  Dowan (D:5)
  A jelly (D:6)
  6 killer bees
  2 bombardier beetles
  5 orc priests
  5 hounds
  A sleepcap (D:6)
  Jessica (D:3)
  A gnoll bouda (D:7)
  5 iguanas
  Terence (D:3)
  Natasha (D:3)
  6 orc wizards
  Robin (D:3)
  13 adders
  4 gnolls
  A shadow imp (D:6)
  3 white imps
  4 dart slugs
  2 ribbon worms (D:3)
  28 orcs
  8 ball pythons
  10 endoplasms
  2 giant cockroaches (D:1)
  17 goblins
  11 hobgoblins
  17 jackals
  A quokka (D:2)
  17 bats
  A frilled lizard (D:2)
  17 kobolds
  5 rats
258 creatures vanquished.

Notes
Turn   | Place    | Note
-------+----------+-------------------------------------------
     0 | D:1      | SnakkuSnakku7 the Ghoul Summoner began the quest for the
                  | Orb.
     0 | D:1      | Reached XP level 1. HP: 14/14 MP: 3/3
   162 | D:1      | Reached skill level 1 in Fighting
   162 | D:1      | Reached skill level 1 in Unarmed Combat
   162 | D:1      | Reached XP level 2. HP: 20/23 MP: 4/4
   176 | D:1      | You fall into a shaft and drop 1 floor!
   238 | D:2      | Reached XP level 3. HP: 18/29 MP: 5/5
   379 | D:1      | Reached skill level 2 in Unarmed Combat
   814 | D:1      | Found a faded altar of an unknown god.
   919 | D:1      | Got the Guidebook on Vexatious Creation
  1082 | D:1      | Reached XP level 4. HP: 37/37 MP: 6/6
  1834 | D:3      | Reached skill level 3 in Unarmed Combat
  1841 | D:3      | Identified the +0 helmet of Uskayaw's Inspiration {rElec}
  1841 | D:3      | Noticed Robin
  1869 | D:3      | Killed Robin
  2016 | D:3      | Reached XP level 5. HP: 44/45 MP: 7/7
  2172 | D:3      | Noticed Grinder
  2205 | D:3      | Paralysed by Grinder for 4 turns
  2217 | D:3      | Paralysed by Grinder for 5 turns
  2223 | D:3      | HP: 2/45 [Grinder (2)]
  2225 | D:3      | Killed Grinder
  2226 | D:3      | Reached skill level 4 in Unarmed Combat
  2226 | D:3      | Reached XP level 6. HP: 3/53 MP: 8/8
  2631 | D:3      | Found a hazy altar of Hepliaklqana.
  2655 | D:3      | Noticed Terence
  2667 | D:3      | Killed Terence
  2915 | D:3      | Noticed Jessica
  2922 | D:3      | Killed Jessica
  2923 | D:3      | Reached skill level 5 in Fighting
  2923 | D:3      | Reached skill level 5 in Unarmed Combat
  3106 | D:4      | Noticed Natasha
  3127 | D:3      | Killed Natasha
  3223 | D:4      | Found a staircase to the Ecumenical Temple.
  3229 | D:4      | Noticed an orc warrior
  3239 | Temple   | Entered the Ecumenical Temple
  3277 | D:4      | Reached XP level 7. HP: 42/61 MP: 9/9
  3414 | D:4      | Reached skill level 6 in Unarmed Combat
  3489 | D:4      | Identified the orb of Okawaru, Kissing {mayhem, Conj}
  3558 | D:4      | Reached skill level 7 in Unarmed Combat
  3875 | D:4      | Reached skill level 1 in Shields
  3875 | D:4      | Reached XP level 8. HP: 35/68 MP: 10/10
  3918 | D:4      | Reached skill level 8 in Unarmed Combat
  4102 | D:5      | Entered Level 5 of the Dungeon
  4152 | D:5      | Found an iron altar of Okawaru.
  4165 | D:5      | Noticed Duvessa
  4165 | D:5      | Noticed Dowan
  4191 | D:5      | Killed Duvessa
  4199 | D:5      | Killed Dowan
  4449 | D:5      | Noticed Sigmund
  4575 | D:5      | Killed Sigmund
  4576 | D:5      | Reached skill level 9 in Unarmed Combat
  4629 | D:5      | Found a hide-covered altar of Uskayaw.
  4636 | D:5      | Became a worshipper of Uskayaw the Reveller
  4653 | D:5      | Found a runed translucent door.
  4658 | D:5      | Reached * piety under Uskayaw
  4687 | D:5      | Noticed Curundu's ghost (novice MiBe)
  4690 | D:5      | Noticed Menkaure
  4706 | D:5      | Reached XP level 9. HP: 70/74 MP: 11/11
  4710 | D:5      | Reached ** piety under Uskayaw
  4713 | D:5      | Reached *** piety under Uskayaw
  4717 | D:5      | Reached **** piety under Uskayaw
  4718 | D:5      | Killed Curundu's ghost
  4719 | D:5      | Reached skill level 5 in Shields
  4722 | D:5      | Killed Menkaure
  4722 | D:5      | Reached ***** piety under Uskayaw
  4723 | D:5      | Reached skill level 10 in Unarmed Combat
  4756 | D:5      | Found a blossoming altar of Fedhas.
  5152 | D:6      | Noticed Jeremiah
  5546 | D:6      | Found a basalt altar of Yredelemnul.
  5745 | D:6      | Noticed Edmund
  5759 | D:6      | Killed Edmund
  5872 | D:6      | Found a shimmering altar of Xom.
  5882 | D:6      | Found a stormy altar of Qazlal.
  6034 | D:6      | Killed Jeremiah
  6035 | D:6      | Reached skill level 11 in Unarmed Combat
  6193 | D:7      | Noticed Joseph
  6197 | D:7      | Reached XP level 10. HP: 77/81 MP: 12/12
  6203 | D:7      | Killed Joseph
  6383 | D:7      | Reached ****** piety under Uskayaw
  6630 | D:7      | Identified the +10 mace "Duczen" {vamp, rPois rC+ Str+3
                  | Int-3}
  6660 | D:7      | Reached skill level 12 in Unarmed Combat
  6963 | D:8      | Identified 3 scrolls of acquirement
  6963 | D:8      | Acquired a manual of Unarmed Combat
  6966 | D:8      | Acquired the scarf of Tender Moments {repulsion, rN+
                  | Will+++ Str+4}
  7004 | D:8      | Found a flagged portal.
  7018 | D:8      | Reached skill level 13 in Unarmed Combat
  7065 | Bailey   | Entered a bailey
  7115 | Bailey   | Reached skill level 14 in Unarmed Combat
  7131 | Bailey   | Noticed Prince Ribbit
  7131 | Bailey   | Noticed a vault guard
  7138 | Bailey   | Killed Prince Ribbit
  7148 | Bailey   | Killed a vault guard
  7149 | Bailey   | Reached skill level 15 in Unarmed Combat
  7149 | Bailey   | Reached XP level 11. HP: 40/86 MP: 13/13
  7284 | Bailey   | Noticed a vault guard
  7298 | Bailey   | Killed a vault guard
  7299 | Bailey   | Reached skill level 16 in Unarmed Combat
  7385 | D:8      | Found a shadowy altar of Dithmenos.
  7476 | D:8      | Found a sacrificial altar of Ru.
  7532 | D:8      | Reached skill level 17 in Unarmed Combat
  7750 | D:8      | Acquired 525 gold pieces
  7915 | D:9      | Noticed a two-headed ogre
  7972 | D:9      | Slain by a two-headed ogre

Illustrated notes

Levels and vault maps discovered:
D:1:      dpeg_arrival_chambers_temple_mockup, layout_loops_corners,
          serial_aquarium, aquarium_bridge_square [aquarium_subvault_bridge,
          aquarium_subvault_wall, aquarium_subvault_bridge,
          aquarium_subvault_window], aquarium_window_fake, aquarium_window_1,
          aquarium_window_2, aquarium_view_2a, aquarium_balcony_1b,
          aquarium_pool_split, dreamdust_ecumenical_altar_hidden_monk_grotto
D:2:      layout_loops_ring
D:3:      layout_basic, mainiacjoe_overflow_surrounded_room, nicolae_titane,
          uniq_terence, uniq_robin, uniq_jessica, uniq_grinder
D:4:      layout_basic, minmay_temple_entry_tees, nicolae_figureground_pulse,
          uniq_natasha
D:5:      layout_loops_ring, kennysheep_little_box, okawaru_ov_weapons_minmay,
          fedhas_altar_3, ebering_ghost_sewer_d, uniq_menkaure, uniq_sigmund,
          uniq_duvessa
D:6:      layout_basic, mainiacjoe_overflow_brackets, lemuel_doored_altar,
          jmf_multi_god_temple2, serial_curves, eino_curves_02, eino_curves_03,
          uniq_edmund, uniq_jeremiah
D:7:      old_forge, layout_basic, uniq_joseph
D:8:      layout_cave_pools, nicolae_ru_awakened_eye, lemuel_crystal_altar,
          enter_bailey_5, chequers_serial_rivers_micro_b, minmay_manual_moon
D:9:      layout_long_grid, general_overflow_altar, special_room
          [special_room_orc], kennysheep_generic_room_2, uniq_maurice
Temple:   jpeg_temple_clearing

Skill      XL: |  1  2  3  4  5  6  7  8  9 10 11 |
---------------+----------------------------------+-----
Fighting       | 1 2 3 4 5 |  5.0
Unarmed Combat | 1 2 3 4 5 7 9 11 15 17 | 17.2
Shields        | 1 4 6 8 |  8.0
Dodging        | |  1.7
Stealth        | |  2.1
Spellcasting   | |  1.7
Summonings     | |  3.6

Action                     |  1- 3 |  4- 6 |  7- 9 | 10-12 || total
---------------------------+-------+-------+-------+-------++-------
  Melee: Unarmed           |   133 |   236 |   334 |   251 ||   954
         Punch             |     1 |     5 |     1 |       ||     7
  Evoke: Wand              |       |     2 |       |     5 ||     7
    Use: Scroll            |       |     2 |     2 |     5 ||     9
         Potion            |       |       |       |     1 ||     1
   Stab: Paralysed         |       |       |     2 |    19 ||    21
         Held in net/web   |       |       |       |     1 ||     1
 Armour: Leather armour    |     5 |       |       |       ||     5
         Ring mail         |    33 |       |       |       ||    33
         Robe              |     1 |       |       |       ||     1
         Chain mail        |    88 |   126 |       |       ||   214
         Plate armour      |       |    97 |   306 |       ||   403
         Scale mail        |       |       |    10 |   187 ||   197
  Dodge: Dodged            |    54 |    75 |    41 |   116 ||   286
  Block: Kite shield       |       |       |    99 |   148 ||   247
